| TOP OF THE 1ST |
|
Salt Lake City Buzz batting - Pitching for Portland Stag : RHP Mike Harkey
|
|
Pitching: RHP Mike Harkey
|
|
|
Batting: RHB Arquimedez Pozo
|
0-0: Ground out 1-3 (Groundball, 15, EV 81.9 MPH)
|
|
Batting: SHB Abraham O Nunez
|
0-0: Fly out, F9 (Flyball, 9, EV 84.4 MPH)
|
|
Batting: RHB Jerome Walton
|
0-0: Ground out 5-3 (Groundball, 56S, EV 71.9 MPH)
|
| Top of the 1st over - 0 runs, 0 hits, 0 errors, 0 left on base; Salt Lake City 0 - Portland 0 |
| BOTTOM OF THE 1ST |
|
Portland Stag batting - Pitching for Salt Lake City Buzz : RHP Steve Parris
|
|
Pitching: RHP Steve Parris
|
|
|
Batting: SHB Bret Barberie
|
0-0: Fly out, F4 (Popup, 4M, EV 74.4 MPH)
|
|
Batting: RHB Fernando Tatis
|
0-0: Fly out, F6 (Line Drive, 6, EV 70.0 MPH)
|
|
Batting: LHB Scott Stahoviak
|
0-0: Ball 1-0: Ball 2-0: Swinging Strike 2-1: Ball 3-1: Base on Balls
|
|
Batting: RHB Jeff Kunkel
|
0-0: Ball 1-0: 2-RUN HOME RUN (Flyball, 7D, EV 98.8 MPH), Distance : 388 ft
|
|
Batting: RHB Wes Chamberlain
|
0-0: Ball 1-0: Swinging Strike 1-1: Ball 2-1: Swinging Strike 2-2: Strikes out looking
|
| Bottom of the 1st over - 2 runs, 1 hit, 0 errors, 0 left on base; Salt Lake City 0 - Portland 2 |
| TOP OF THE 2ND |
|
Salt Lake City Buzz batting - Pitching for Portland Stag : RHP Mike Harkey
|
|
Batting: RHB Dave Staton
|
0-0: Called Strike 0-1: Ball 1-1: Called Strike 1-2: Foul Ball, location: 2F 1-2: Strikes out swinging passed ball, reaches first!
|
|
Batting: RHB Brian Johnson
|
0-0: Ball 1-0: Fly out, F9 (Flyball, 9S, EV 80.0 MPH)
|
|
Batting: RHB Emil Brown
|
0-0: Swinging Strike 0-1: Ball 1-1: Ball 2-1: Ball 3-1: Base on Balls Dave Staton to second
|
|
Batting: RHB Jose Oliva
|
0-0: Called Strike 0-1: Ball 1-1: Fielders Choice at 2nd, 5-4 (Groundball, 56, EV 83.1 MPH) Dave Staton to third
|
|
Batting: SHB Reggie B. Williams
|
0-0: Ball 1-0: Swinging Strike 1-1: Ball 2-1: Fly out, F8 (Line Drive, 8RD, EV 90.0 MPH)
|
| Top of the 2nd over - 0 runs, 0 hits, 0 errors, 2 left on base; Salt Lake City 0 - Portland 2 |
| BOTTOM OF THE 2ND |
|
Portland Stag batting - Pitching for Salt Lake City Buzz : RHP Steve Parris
|
|
Batting: RHB Chris Widger
|
0-0: Ball 1-0: Ground out 5-3 (Groundball, 56S, EV 86.3 MPH)
|
|
Batting: RHB Mike Macfarlane
|
0-0: Ball 1-0: Ball 2-0: Ball 3-0: Base on Balls
|
|
Batting: RHB Alex S Gonzalez
|
0-0: Foul Ball, location: 2F 0-1: Ball 1-1: Ball 2-1: Ball 3-1: Grounds into double play, 6-4-3 (Groundball, 6, EV 98.1 MPH)
|
| Bottom of the 2nd over - 0 runs, 0 hits, 0 errors, 0 left on base; Salt Lake City 0 - Portland 2 |
| TOP OF THE 3RD |
|
Salt Lake City Buzz batting - Pitching for Portland Stag : RHP Mike Harkey
|
|
Batting: RHB Charlie Greene
|
0-0: Called Strike 0-1: Foul Ball, location: 2F 0-2: Ball 1-2: Strikes out looking
|
|
Batting: RHB Arquimedez Pozo
|
0-0: Ball 1-0: Fly out, F1 (Line Drive, P, EV 65.6 MPH)
|
|
Batting: SHB Abraham O Nunez
|
0-0: Foul Ball, location: 2F 0-1: SINGLE (Groundball, 4D, EV 96.9 MPH)
|
|
Batting: RHB Jerome Walton
|
0-0: Called Strike 0-1: Called Strike Abraham O Nunez steals 2nd base 0-2: Foul Ball, location: 2F 0-2: Ball 1-2: Ball 2-2: SINGLE (Flyball, 89M, EV 91.9 MPH) Abraham O Nunez to third Runner from 3rd tries for Home, SAFE, no throw by RF
|
|
Batting: RHB Dave Staton
|
0-0: Foul Ball, location: 2F 0-1: SINGLE (Line Drive, 56D, EV 100.6 MPH) Jerome Walton to second Runner from 2nd tries for 3rd, SAFE, throw by LF made to third
|
|
Batting: RHB Brian Johnson
|
0-0: Ball 1-0: Swinging Strike 1-1: Swinging Strike 1-2: Ball 2-2: Strikes out swinging
|
| Top of the 3rd over - 1 run, 3 hits, 0 errors, 2 left on base; Salt Lake City 1 - Portland 2 |
| BOTTOM OF THE 3RD |
|
Portland Stag batting - Pitching for Salt Lake City Buzz : RHP Steve Parris
|
|
Batting: LHB Yoshinobu Takahashi
|
0-0: Foul Ball, location: 2F 0-1: Ball 1-1: Ball 2-1: Called Strike 2-2: Ground out 3-1 (Groundball, 34, EV 78.1 MPH)
|
|
Batting: SHB Bret Barberie
|
0-0: Called Strike 0-1: DOUBLE (Line Drive, 9LD, EV 108.1 MPH)
|
|
Batting: RHB Fernando Tatis
|
0-0: Called Strike 0-1: Called Strike 0-2: Ball 1-2: SINGLE (Groundball, 4MD, EV 100.6 MPH) Bret Barberie to third
|
|
Batting: LHB Scott Stahoviak
|
0-0: Ball 1-0: Called Strike 1-1: Ball 2-1: Ball 3-1: SINGLE (Groundball, 4MD, EV 108.1 MPH) Bret Barberie scores Fernando Tatis to second Runner from 2nd tries for 3rd, SAFE, no throw by CF
|
|
Batting: RHB Jeff Kunkel
|
0-0: Ball 1-0: Ball 2-0: Fly out, F8 (Flyball, 8LD, EV 90.0 MPH) Runner from 3rd tags up, SCORES, no throw by CF
|
|
Batting: RHB Wes Chamberlain
|
0-0: Fielders Choice at 2nd, 5-4 (Groundball, 5, EV 81.3 MPH)
|
| Bottom of the 3rd over - 2 runs, 3 hits, 0 errors, 1 left on base; Salt Lake City 1 - Portland 4 |
| TOP OF THE 4TH |
|
Salt Lake City Buzz batting - Pitching for Portland Stag : RHP Mike Harkey
|
|
Batting: RHB Emil Brown
|
0-0: Called Strike 0-1: Called Strike 0-2: Fly out, F4 (Flyball, 34D, EV 85.0 MPH)
|
|
Batting: RHB Jose Oliva
|
0-0: Called Strike 0-1: Ball 1-1: SOLO HOME RUN (Flyball, 78XD, EV 100.0 MPH), Distance : 427 ft
|
|
Batting: SHB Reggie B. Williams
|
0-0: Ground out 4-3 (Groundball, 4, EV 93.1 MPH)
|
|
Batting: RHB Charlie Greene
|
0-0: Ball 1-0: Foul Ball, location: 2F 1-1: SOLO HOME RUN (Flyball, 7D, EV 93.1 MPH), Distance : 373 ft
|
|
Batting: RHB Arquimedez Pozo
|
0-0: Called Strike 0-1: Swinging Strike 0-2: Ball 1-2: Foul Ball, location: 2F 1-2: Ball 2-2: Ground out 6-3 (Groundball, 6S, EV 84.4 MPH)
|
| Top of the 4th over - 2 runs, 2 hits, 0 errors, 0 left on base; Salt Lake City 3 - Portland 4 |
| BOTTOM OF THE 4TH |
|
Portland Stag batting - Pitching for Salt Lake City Buzz : RHP Steve Parris
|
|
Batting: RHB Chris Widger
|
0-0: Ball 1-0: Called Strike 1-1: Foul Ball, location: 2F 1-2: Ball 2-2: Ground out U3 (Groundball, 34S, EV 69.4 MPH)
|
|
Batting: RHB Mike Macfarlane
|
0-0: Ball 1-0: Ball 2-0: Swinging Strike 2-1: Swinging Strike 2-2: Foul Ball, location: 2F 2-2: Ball 3-2: Strikes out swinging
|
|
Batting: RHB Alex S Gonzalez
|
0-0: Foul Ball, location: 2F 0-1: Foul Ball, location: 2F 0-2: Strikes out swinging
|
| Bottom of the 4th over - 0 runs, 0 hits, 0 errors, 0 left on base; Salt Lake City 3 - Portland 4 |
| TOP OF THE 5TH |
|
Salt Lake City Buzz batting - Pitching for Portland Stag : RHP Mike Harkey
|
|
Batting: SHB Abraham O Nunez
|
0-0: Swinging Strike 0-1: Ball 1-1: Fly out, F7 (Flyball, 78D, EV 91.3 MPH)
|
|
Batting: RHB Jerome Walton
|
0-0: Swinging Strike 0-1: Ball 1-1: Ball 2-1: Ball 3-1: Swinging Strike 3-2: Foul Ball, location: 2F 3-2: SINGLE (Line Drive, 8RS, EV 97.5 MPH)
|
|
Batting: RHB Dave Staton
|
0-0: Called Strike 0-1: Ball 1-1: Ball 2-1: Fly out, F9 (Line Drive, 9, EV 90.0 MPH)
|
|
Batting: RHB Brian Johnson
|
0-0: Ball 1-0: Fly out, F8 (Flyball, 8LD, EV 100.0 MPH)
|
| Top of the 5th over - 0 runs, 1 hit, 0 errors, 1 left on base; Salt Lake City 3 - Portland 4 |
| BOTTOM OF THE 5TH |
|
Portland Stag batting - Pitching for Salt Lake City Buzz : RHP Steve Parris
|
|
Batting: LHB Yoshinobu Takahashi
|
0-0: Ball 1-0: Ball 2-0: Foul Ball, location: 2F 2-1: Swinging Strike 2-2: Foul Ball, location: 2F 2-2: Foul Ball, location: 2F 2-2: Foul Ball, location: 2F 2-2: Foul Ball, location: 2F 2-2: Fly out, F9 (Flyball, 9S, EV 88.8 MPH)
|
|
Batting: SHB Bret Barberie
|
0-0: Ball 1-0: Called Strike 1-1: SINGLE (Groundball, 4D, EV 96.3 MPH)
|
|
Batting: RHB Fernando Tatis
|
0-0: Foul Ball, location: 2F 0-1: Called Strike 0-2: Strikes out looking
|
|
Batting: LHB Scott Stahoviak
|
0-0: Ball 1-0: Ball 2-0: Called Strike 2-1: Foul Ball, location: 2F 2-2: Fielders Choice at 2nd, U4 (Groundball, 4M, EV 78.8 MPH)
|
| Bottom of the 5th over - 0 runs, 1 hit, 0 errors, 1 left on base; Salt Lake City 3 - Portland 4 |
| TOP OF THE 6TH |
|
Salt Lake City Buzz batting - Pitching for Portland Stag : RHP Mike Harkey
|
|
Batting: RHB Emil Brown
|
0-0: Ball 1-0: Ball 2-0: Ball 3-0: Base on Balls
|
|
Batting: RHB Jose Oliva
|
0-0: Called Strike 0-1: Ball 1-1: Grounds into double play, 5-4-3 (Groundball, 56, EV 80.6 MPH)
|
|
Batting: SHB Reggie B. Williams
|
0-0: Foul Ball, location: 2F 0-1: Swinging Strike 0-2: Ball 1-2: Ball 2-2: Ball 3-2: Foul Ball, location: 2F 3-2: Foul Ball, location: 2F 3-2: Base on Balls
|
|
Pitching: RHP Carlos Castillo
|
|
|
Batting: RHB Charlie Greene
|
0-0: Foul Ball, location: 2F 0-1: Foul Ball, location: 2F 0-2: Foul Ball, location: 2F 0-2: Ball 1-2: Strikes out swinging
|
| Top of the 6th over - 0 runs, 0 hits, 0 errors, 1 left on base; Salt Lake City 3 - Portland 4 |
| BOTTOM OF THE 6TH |
|
Portland Stag batting - Pitching for Salt Lake City Buzz : RHP Steve Parris
|
|
Pitching: RHP Mark Acre
|
|
|
Batting: RHB Jeff Kunkel
|
0-0: Called Strike 0-1: Hit by Pitch
|
|
Batting: RHB Wes Chamberlain
|
0-0: Called Strike 0-1: Fly out, F7 (Flyball, 7S, EV 86.9 MPH)
|
|
Batting: RHB Chris Widger
|
0-0: Foul Ball, location: 2F 0-1: Called Strike 0-2: Ball 1-2: Grounds into double play, 6-4-3 (Groundball, 56, EV 103.1 MPH)
|
| Bottom of the 6th over - 0 runs, 0 hits, 0 errors, 0 left on base; Salt Lake City 3 - Portland 4 |
| TOP OF THE 7TH |
|
Salt Lake City Buzz batting - Pitching for Portland Stag : RHP Carlos Castillo
|
|
Batting: RHB Arquimedez Pozo
|
0-0: DOUBLE (Flyball, 8LD, EV 108.1 MPH)
|
|
Batting: SHB Abraham O Nunez
|
0-0: Bunted foul 0-1: Bunt - Flyout to P! F1
|
|
Batting: RHB Jerome Walton
|
0-0: Called Strike 0-1: Ball 1-1: Ball 2-1: Fly out, F8 (Flyball, 78M, EV 90.6 MPH)
|
|
Batting: RHB Dave Staton
|
0-0: Ball 1-0: Called Strike 1-1: Called Strike 1-2: Strikes out swinging
|
| Top of the 7th over - 0 runs, 1 hit, 0 errors, 1 left on base; Salt Lake City 3 - Portland 4 |
| BOTTOM OF THE 7TH |
|
Portland Stag batting - Pitching for Salt Lake City Buzz : RHP Mark Acre
|
|
Batting: RHB Mike Macfarlane
|
0-0: Called Strike 0-1: Ball 1-1: Called Strike 1-2: Ball 2-2: Strikes out swinging
|
|
Batting: RHB Alex S Gonzalez
|
0-0: Ball 1-0: Ground out 5-3 (Groundball, 56S, EV 83.8 MPH)
|
|
Batting: LHB Yoshinobu Takahashi
|
0-0: Ground out 6-3 (Groundball, 56D, EV 99.4 MPH)
|
| Bottom of the 7th over - 0 runs, 0 hits, 0 errors, 0 left on base; Salt Lake City 3 - Portland 4 |
| TOP OF THE 8TH |
|
Salt Lake City Buzz batting - Pitching for Portland Stag : RHP Carlos Castillo
|
|
Batting: RHB Brian Johnson
|
0-0: Foul Ball, location: 2F 0-1: Called Strike 0-2: Ball 1-2: Strikes out swinging
|
|
Batting: RHB Emil Brown
|
0-0: Ball 1-0: Ball 2-0: Swinging Strike 2-1: Ball 3-1: Swinging Strike 3-2: Foul Ball, location: 2F 3-2: Strikes out swinging
|
|
Batting: RHB Jose Oliva
|
0-0: Ball 1-0: Swinging Strike 1-1: Ground out 6-3 (Groundball, 6, EV 90.0 MPH)
|
| Top of the 8th over - 0 runs, 0 hits, 0 errors, 0 left on base; Salt Lake City 3 - Portland 4 |
| BOTTOM OF THE 8TH |
|
Portland Stag batting - Pitching for Salt Lake City Buzz : RHP Mark Acre
|
|
Batting: SHB Bret Barberie
|
0-0: Swinging Strike 0-1: Foul Ball, location: 2F 0-2: Ball 1-2: Ball 2-2: Ground out 4-3 (Groundball, 34, EV 76.3 MPH)
|
|
Batting: RHB Fernando Tatis
|
0-0: Ball 1-0: Ball 2-0: Swinging Strike 2-1: Foul Ball, location: 2F 2-2: Ball 3-2: Base on Balls
|
|
Pitching: RHP Tim Pugh
|
|
|
Batting: LHB Scott Stahoviak
|
0-0: DOUBLE (Flyball, 78XD, EV 101.3 MPH) Fernando Tatis to third Runner from 3rd tries for Home, SAFE, throw by CF to home
|
|
Batting: RHB Jeff Kunkel
|
0-0: Foul Ball, location: 2F 0-1: Ball 1-1: SINGLE (Line Drive, 78S, EV 105.0 MPH) Scott Stahoviak to third
|
|
Batting: RHB Wes Chamberlain
|
0-0: Swinging Strike 0-1: Ball 1-1: Foul Ball, location: 2F 1-2: Ball 2-2: 3-RUN HOME RUN (Line Drive, 7D, EV 95.6 MPH), Distance : 392 ft
|
|
Batting: RHB Chris Widger
|
0-0: Called Strike 0-1: Foul Ball, location: 2F 0-2: Foul Ball, location: 2F 0-2: Ball 1-2: Fly out, F9 (Flyball, 9, EV 88.1 MPH)
|
|
Batting: RHB Mike Macfarlane
|
0-0: Ball 1-0: Ball 2-0: Called Strike 2-1: Reached on error, E4 (Flyball, 3D, EV 78.8 MPH)
|
|
Batting: RHB Alex S Gonzalez
|
0-0: Swinging Strike 0-1: Swinging Strike 0-2: Strikes out looking
|
| Bottom of the 8th over - 4 runs, 3 hits, 1 error, 1 left on base; Salt Lake City 3 - Portland 8 |
| TOP OF THE 9TH |
|
Salt Lake City Buzz batting - Pitching for Portland Stag : RHP Carlos Castillo
|
|
Batting: SHB Reggie B. Williams
|
0-0: Ball 1-0: Foul Ball, location: 2F 1-1: Ball 2-1: Ball 3-1: Fly out, F7 (Flyball, 7LS, EV 88.1 MPH)
|
|
Batting: RHB Charlie Greene
|
0-0: Ball 1-0: Swinging Strike 1-1: Foul Ball, location: 2F 1-2: Ground out 5-3 (Groundball, 5L, EV 104.4 MPH)
|
|
Pitching: LHP Pedro Martinez
|
|
|
Batting: RHB Arquimedez Pozo
|
0-0: Ball 1-0: Ball 2-0: Ball 3-0: Base on Balls
|
|
Batting: SHB Abraham O Nunez
|
0-0: Ball 1-0: Foul Ball, location: 2F 1-1: SINGLE (Groundball, 56D, EV 100.0 MPH) Arquimedez Pozo to second
|
|
Batting: RHB Jerome Walton
|
0-0: Called Strike 0-1: Ball 1-1: SINGLE (Line Drive, 5D, EV 100.6 MPH) Arquimedez Pozo to third Abraham O Nunez to second
|
|
Pitching: RHP Kerry Ligtenberg
|
|
|
Batting: RHB Dave Staton
|
0-0: Ball 1-0: Swinging Strike 1-1: Swinging Strike 1-2: Strikes out swinging
|
| Top of the 9th over - 0 runs, 2 hits, 0 errors, 3 left on base; Salt Lake City 3 - Portland 8 |
|